[ AOE2 MATCH · #474494792 ]
1v1 RMTupi vs Malians
Player's team · WIN
[ REPLAY ANALYSIS · EXTRACTED FROM THE RECORDED GAME ]
Feudal
11:17
Castle
22:18
Imperial
—
| APM avg | 22.2 |
| APM peak | 37 |
| eAPM avg | 10.5 |
| Villagers / military | 39 / 2 |
Focus
⚔️ 14.3% · 🌾 85.7%
Unknown (2550) ×12 · Spearman ×2
Feudal
13:14
Castle
—
Imperial
—
| APM avg | 16.6 |
| APM peak | 38 |
| eAPM avg | 7.2 |
| Villagers / military | 16 / 8 |
Focus
⚔️ 20.4% · 🌾 79.6%
Scout Cavalry ×6 · Spearman ×2
Match map
Resources at game start + every placement click. Thick line = wall · dashed box = detected house wall. 🟡 gold · ⚪ stone · 🟢 berries · 🔶 boar · ⭕ relic
Inputs per minute
— PistolHero - - The Lesser Spotted Crotch Goblin
Build order — PistolHero
103 actions detected in the replay
| 0:02 | Build | House |
| 0:04 | Build | House |
| 0:04 | Create | Villager (Male) |
| 0:04 | Create | Villager (Male) |
| 0:05 | Create | Villager (Male) |
| 0:05 | Create | Villager (Male) |
| 1:12 | Create | Villager (Male) |
| 1:36 | Create | Villager (Male) |
| 1:56 | Build | Settlement |
| 2:13 | Create | Villager (Male) |
| 2:57 | Create | Villager (Male) |
| 3:20 | Create | Villager (Male) |
| 3:45 | Build | House |
| 3:46 | Create | Villager (Male) |
| 4:00 | Create | Villager (Male) |
| 4:26 | Build | Settlement |
| 4:35 | Create | Villager (Male) |
| 4:52 | Create | Villager (Male) |
| 5:34 | Create | Villager (Male) |
| 6:12 | Create | Villager (Male) |
| 6:29 | Create | Villager (Male) |
| 6:41 | Create | Villager (Male) |
| 7:14 | Build | Settlement |
| 7:18 | Create | Villager (Male) |
| 7:33 | Create | Villager (Male) |
| 7:39 | Research | Loom |
| 7:58 | Create | Villager (Male) |
| 8:32 | Research | Feudal Age |
| 8:43 | Build | Outpost |
| 8:56 | Build | Barracks |
| 9:43 | Create | Villager (Male) |
| 9:44 | Create | Villager (Male) |
| 10:29 | Create | Unit 2550 |
| 10:30 | Create | Unit 2550 |
| 10:30 | Create | Unit 2550 |
| 10:49 | Create | Villager (Male) |
| 10:56 | Build | Farm |
| 10:58 | Create | Villager (Male) |
| 11:17 | Age | Feudal Age |
| 11:24 | Build | Blacksmith |
| 11:27 | Research | Tech 1402 |
| 11:28 | Research | Arson |
| 11:52 | Create | Spearman |
| 11:52 | Create | Spearman |
| 11:57 | Create | Villager (Male) |
| 12:22 | Research | Forging |
| 12:25 | Build | House |
| 12:40 | Build | Farm |
| 13:02 | Research | Double-Bit Axe |
| 13:11 | Create | Unit 2550 |
| 13:11 | Create | Unit 2550 |
| 13:27 | Build | House |
| 14:05 | Create | Villager (Male) |
| 14:06 | Create | Villager (Male) |
| 14:15 | Build | House |
| 14:24 | Create | Villager (Male) |
| 14:27 | Build | Farm |
| 14:27 | Build | Farm |
| 14:27 | Build | Farm |
| 14:28 | Build | Farm |
| 15:01 | Build | Farm |
| 15:04 | Build | Farm |
| 15:08 | Create | Villager (Male) |
| 15:12 | Build | Farm |
| 15:21 | Build | House |
| 15:31 | Research | Scale Mail Armor |
| 15:51 | Build | Farm |
| 15:53 | Build | Farm |
| 16:11 | Build | Market |
| 16:21 | Create | Unit 2550 |
| 16:22 | Create | Unit 2550 |
| 16:27 | Build | Farm |
| 16:29 | Create | Villager (Male) |
| 16:35 | Build | Farm |
| 16:55 | Create | Villager (Male) |
| 16:56 | Create | Villager (Male) |
| 17:25 | Create | Unit 2550 |
| 17:25 | Create | Unit 2550 |
| 17:54 | Build | Farm |
| 17:54 | Build | Farm |
| 17:54 | Build | Farm |
| 17:54 | Build | Farm |
| 17:55 | Build | Farm |
| 17:57 | Create | Villager (Male) |
| 17:58 | Create | Villager (Male) |
| 18:02 | Build | Settlement |
| 18:27 | Build | Outpost |
| 19:13 | Create | Villager (Male) |
| 19:27 | Research | Castle Age |
| 20:33 | Create | Villager (Male) |
| 20:34 | Create | Villager (Male) |
| 20:45 | Research | Wheelbarrow |
| 20:52 | Build | Settlement |
| 21:06 | Create | Villager (Male) |
| 21:15 | Create | Unit 2550 |
| 21:15 | Create | Unit 2550 |
| 21:15 | Create | Unit 2550 |
| 21:50 | Create | Villager (Male) |
| 22:07 | Build | Barracks |
| 22:09 | Build | Barracks |
| 22:18 | Age | Castle Age |
| 22:22 | Research | Tech 1351 |
| 22:23 | Research | Squires |
Build order — The Lesser Spotted Crotch Goblin
44 actions detected in the replay
| 0:03 | Build | House |
| 0:06 | Build | House |
| 0:35 | Create | Villager (Male) ×4 |
| 0:40 | Research | Loom |
| 2:53 | Create | Villager (Male) ×3 |
| 3:23 | Build | Mill |
| 3:29 | Create | Villager (Male) |
| 3:30 | Create | Villager (Male) |
| 5:30 | Create | Villager (Male) |
| 5:30 | Create | Villager (Male) |
| 6:10 | Build | Lumber Camp |
| 8:34 | Build | Mining Camp |
| 8:42 | Build | Outpost |
| 8:48 | Build | Outpost |
| 11:04 | Research | Feudal Age |
| 11:07 | Create | Villager (Male) ×3 |
| 11:34 | Create | Villager (Male) |
| 11:54 | Build | House |
| 11:55 | Build | House |
| 12:16 | Create | Villager (Male) |
| 12:38 | Build | House |
| 12:46 | Build | Barracks |
| 13:14 | Age | Feudal Age |
| 14:03 | Build | Barracks |
| 14:17 | Build | Barracks |
| 15:04 | Build | Stable |
| 15:44 | Research | Man-at-Arms (upgrade) |
| 16:03 | Build | Mining Camp |
| 16:25 | Build | Stable |
| 17:21 | Create | Scout Cavalry |
| 17:22 | Create | Scout Cavalry |
| 19:02 | Create | Scout Cavalry |
| 19:02 | Create | Scout Cavalry |
| 19:08 | Create | Spearman |
| 19:08 | Create | Spearman |
| 20:14 | Create | Scout Cavalry |
| 20:14 | Create | Scout Cavalry |
| 20:44 | Build | Lumber Camp |
| 21:56 | Build | Farm |
| 22:00 | Build | Farm |
| 22:05 | Build | Farm |
| 22:14 | Build | Farm |
| 22:15 | Build | Farm |
| 22:18 | Build | Farm |
Match timeline
| 8:56 | PistolHero · first_building Barracks |
| 11:17 | PistolHero · age_up feudal |
| 12:46 | The Lesser Spotted Crotch Goblin · first_building Barracks |
| 13:14 | The Lesser Spotted Crotch Goblin · age_up feudal |
| 15:04 | The Lesser Spotted Crotch Goblin · first_building Stable |
| 19:19 | PistolHero · first_market_buy 100 food |
| 19:22 | PistolHero · first_market_sell 100 wood |
| 22:18 | PistolHero · age_up castle |
| 22:30 | The Lesser Spotted Crotch Goblin · resign |
[ AI ANALYSIS · 1 CREDIT ]
What really happened in this match?
Wolo.gg analyzes every decision: build order, eco, micro, common mistakes by bracket. Personalized analysis on WhatsApp or Discord in 30 seconds.
Civ guide
Tupi
Map guide
Haboob
Perfil
PistolHero